 Dungeon Crawl Stone Soup version 0.23.2 (webtiles) character file.

Game seed: 10365973214020196940

410 sagitran the Chopper (level 6, -3/56 HPs)
             Began as a Hill Orc Monk on Apr 9, 2019.
             Was a Believer of Beogh.
             Slain by an ogre
             ... wielding a +0 giant spiked club
              (18 damage)
             ... on level 3 of the Dungeon.
             The game lasted 00:10:56 (3865 turns).

sagitran the Chopper (Hill Orc Monk)                Turns: 3865, Time: 00:10:57

Health: -3/56      AC: 15    Str: 16    XL:     6   Next: 89%
Magic:  0/6        EV:  6    Int: 10    God:    Beogh [**....]
Gold:   118        SH:  0    Dex: 13    Spells: 5/5 levels left

rFire    x . .     SeeInvis .   a - +0 hand axe
rCold    + . .     Gourm    .   (no shield)
rNeg     . . .     Faith    .   g - +0 plate armour
rPois    .         Spirit   .   x - +0 helmet
rElec    .         Reflect  .   (no cloak)
rCorr    .         Harm     .   s - +2 pair of gloves
MR       .....                  (no boots)
Stlth    ..........             (no amulet)
HPRegen  0.18/turn              l - ring of ice
MPRegen  0.10/turn              (no ring)

@: no status effects
A: no striking features
a: Smiting, Renounce Religion


You were on level 3 of the Dungeon.
You worshipped Beogh.
Beogh was pleased with you.
You were not hungry.

You visited 1 branch of the dungeon, and saw 4 of its levels.

You collected 118 gold pieces.

Inventory:

Hand Weapons
 a - a +0 hand axe (weapon)
 w - a cursed -2 flail
 D - a +2 trident of freezing
Missiles
 q - 3 javelins (quivered)
Armour
 b - a +0 robe
 g - a +0 plate armour (worn)
 s - a +2 pair of gloves (worn)
 x - a +0 helmet (worn)
 C - a +2 cloak of poison resistance
Jewellery
 l - a ring of ice (left hand)
Wands
 d - a wand of acid (11)
 F - a wand of random effects (10)
Scrolls
 e - 2 scrolls of remove curse {unknown}
 f - a scroll of noise {unknown}
 n - 2 scrolls of amnesia {unknown}
 r - a scroll of magic mapping {unknown}
 t - a scroll of enchant weapon {unknown}
 u - 2 scrolls of random uselessness {unknown}
 v - 2 scrolls of teleportation {unknown}
 y - a scroll of identify
 z - a scroll of enchant armour {unknown}
 E - a scroll of immolation {unknown}
Potions
 h - a potion of magic
 i - a potion of ambrosia {unknown}
 j - a potion of curing
 k - 2 potions of haste
 m - a potion of agility
 o - a potion of lignification {unknown}
 p - a potion of heal wounds {unknown}
 B - a potion of cancellation
Comestibles
 c - 12 rations
 A - 2 chunks of flesh


   Skills:
 + Level 5.4 Fighting
 + Level 7.1 Axes
 + Level 3.0 Armour
 + Level 3.2 Dodging
 + Level 1.6 Stealth


You had 5 spell levels left.
You didn't know any spells.
Your spell library was empty.

Dungeon Overview and Level Annotations

Branches:
Dungeon (4/15)
 Temple: D:4-7

Altars:


Message History

It was a potion of cancellation.
Your magical effects are unravelling.
You feel magically purged.
You feel yourself slow down.
You feel a little less agile now.
Okay, then.
Okay, then.
The ogre hits you with a +0 giant spiked club.
* * * LOW HITPOINT WARNING * * *
Aiming: Smiting
Press: ? - help, Dir - move target cursor, f - ogre Smite: an ogre, wielding a +0 giant spiked club (moderately wounded)
You smite the ogre!
The ogre is severely wounded.
Aiming: Smiting
Press: ? - help, Dir - move target cursor, f/p - ogre Smite: an ogre, wielding a +0 giant spiked club (severely wounded)
You smite the ogre!
The ogre is almost dead.
The ogre hits you with a +0 giant spiked club!!
You die...

#.#########.# ##############.###
#####.####
#................###........#
#.##..............##.###.##.#
##.##.#...............# #.##.#
........o..........#### #.##.#
##.##.#..).#.#..#.## #.#..#
##.##.##.#.#.#..#.#######....####
##)......#.#....@O.............(#
#####.##.#.###.........###...#...
.####.##.#....##..#..#.# ##....#.
......##..........#..#.####.##...
.#########.##.##.##.<#......###.#
## #.##.##.##..######## #.#
##########.##........##########.#
...........#####.###.........[#..
##########.# #.###########....#


You could see an ogre.

Vanquished Creatures
  A howler monkey (D:3)
  An orc priest (D:4)
  2 orc wizards (D:4)
  A bullfrog skeleton (D:4)
  Natasha (twice) (D:2)
  2 worker ants (D:4)
  Robin (D:3)
  3 gnolls
  4 adders
  An ooze (D:1)
  An adder skeleton (D:4)
  A dart slug (D:2)
  4 leopard geckos
  4 orcs
  2 ball pythons
  3 bats
  5 giant cockroaches
  8 hobgoblins
  2 jackals (D:4)
  2 quokkas
  4 frilled lizards
  10 goblins
  8 kobolds
  8 rats
80 creatures vanquished.

Vanquished Creatures (others)
  An orc (D:3)
  A quokka (D:3)
2 creatures vanquished.

Grand Total: 82 creatures vanquished

Notes
Turn   | Place    | Note
-------+----------+-------------------------------------------
     0 | D:1      | sagitran the Hill Orc Monk began the quest for the Orb.
     0 | D:1      | Reached XP level 1. HP: 19/19 MP: 1/1
   107 | D:1      | Reached XP level 2. HP: 20/27 MP: 2/2
   922 | D:2      | Reached XP level 3. HP: 16/33 MP: 3/3
  1175 | D:2      | Reached skill level 5 in Axes
  1212 | D:2      | Reached XP level 4. HP: 23/40 MP: 4/4
  1424 | D:2      | Reached skill level 1 in Armour
  1666 | D:2      | Noticed Natasha
  1682 | D:2      | Killed Natasha
  1849 | D:2      | Noticed Natasha
  1855 | D:2      | Killed Natasha
  1855 | D:2      | Reached XP level 5. HP: 33/47 MP: 5/5
  2300 | D:3      | Found a faded altar of an unknown god.
  2313 | D:3      | Reached skill level 6 in Axes
  2440 | D:3      | Became a worshipper of Beogh the Brigand
  2440 | D:3      | Reached * piety under Beogh
  2440 | D:3      | Reached ** piety under Beogh
  2613 | D:3      | Noticed Robin
  2640 | D:3      | Killed Robin
  3214 | D:4      | Reached XP level 6. HP: 30/55 MP: 6/6
  3223 | D:4      | Reached skill level 5 in Fighting
  3447 | D:4      | Reached skill level 7 in Axes
  3865 | D:3      | Slain by an ogre

Skill      XL: |  1  2  3  4  5  6 |
---------------+-------------------+-----
Fighting       | 4 5 |  5.4
Axes           | 5 6 7 |  7.1
Armour         | 1 2 3 |  3.0
Dodging        | 3 |  3.2
Stealth        | |  1.6

Action                   |  1- 3 |  4- 6 || total
-------------------------+-------+-------++-------
Melee: Hand axe          |   103 |   292 ||   395
Invok: Convert to Beogh  |       |     1 ||     1
       Smiting           |       |     2 ||     2
  Use: Scroll            |     1 |     2 ||     3
       Potion            |       |     4 ||     4
  Eat: Chunk             |     1 |     9 ||    10
Armor: Plate armour      |    83 |   291 ||   374
Dodge: Dodged            |    23 |   101 ||   124
